Cogmind - Beta 13 @@@ ROGUE MODE // 2024.05.16 @ 12:37:22 Player: Gabe+Kate4EVR Result: Destroyed by P-60 Hacker with Shock Rifle Performance ------------- Evolutions (3) 1500 Regions Visited (6) 1200 Robots Destroyed (76) 380 Value Destroyed (2060) 2060 Prototype IDs (8) 160 Alien Tech Used (0) 0 Bonus (0) 0 TOTAL SCORE: 5300 Bonus ------- None Cogmind --------- Core Integrity 0/700 Matter 65/300 Energy 25/100 System Corruption 4% Temperature Warm (123) Movement Core (200) Ox3 Location -7/Factory Parts ------- > --- POWER (1) -------- (None) > --- PROPULSION (4) --- (None) > --- UTILITY (6) ------ Improved Utility Shielding > --- WEAPON (2) ------- Gatling Laser Gatling Laser > --- INVENTORY (5) ---- Large Storage Unit Gatling Laser Gatling Laser Peak State ------------ > --- POWER ------------ Enhanced Nuclear Core > --- PROPULSION ------- Light Treads Improved Treads Advanced Treads Cooled VTOL Module > --- UTILITY ---------- Improved Heat Sink Large Storage Unit Advanced Targeting Computer Recoil Stabilizer Improved Utility Shielding Hardened Light Armor Plating > --- WEAPON ----------- Plasma Cannon Gauss Cannon > --- INVENTORY -------- Light Nuclear Core Flight Unit Flight Unit Improved VTOL Module Improved VTOL Module Large Storage Unit Recoil Stabilizer System Restoration Module Improved Medium Laser Heavy Ion Cannon High-powered Shotgun Mini Grenade Launcher Missile Launcher Missile Launcher Impact Mace [Rating: 43] Favorites ----------- Power Ion Engine Engine Ion Engine Power Core Enhanced Nuclear Core Propulsion Aluminum Leg Treads Advanced Treads Leg Aluminum Leg Wheel Wheel Flight Unit Cooled VTOL Module Utility Large Storage Unit Device Improved Heat Sink Storage Large Storage Unit Processor Advanced Targeting Computer Protection Improved Utility Shielding Weapon Improved Assault Rifle Energy Gun Medium Laser Energy Cannon Advanced Beam Cannon Ballistic Gun Improved Assault Rifle Ballistic Cannon Flak Cannon Launcher Missile Launcher Impact Weapon Impact Mace Build | -11 -10 -9 -8 -7 -7 -7 ------- Run | Yrd Mat Mat Mat Fac Was Fac Slots Evolved 6 | . . 2 2 2 . . Power . | . . . . . . . Propulsion 2 | . . 1 1 . . . Utility 4 | . . 1 1 2 . . Weapon . | . . . . . . . Parts Attached 100 | 7 3 22 35 12 10 11 Power 9 | 1 . 1 3 2 . 2 Engine 5 | 1 . 1 2 . . 1 Core 4 | . . . 1 2 . 1 Reactor . | . . . . . . . Propulsion 32 | 2 . 7 13 2 5 3 Treads 6 | . . . 6 . . . Leg 14 | 2 . 6 3 . . 3 Wheel 5 | . . 1 4 . . . Hover . | . . . . . . . Flight 7 | . . . . 2 5 . Utility 25 | 2 2 4 11 4 2 . Device 8 | 1 1 . 2 2 2 . Storage 4 | 1 1 1 . 1 . . Processor 2 | . . . 2 . . . Hackware . | . . . . . . . Protection 11 | . . 3 7 1 . . Artifact . | . . . . . . . Weapon 34 | 2 1 10 8 4 3 6 Energy Gun 13 | 1 1 5 . . 1 5 Energy Cannon 6 | . . 2 1 2 . 1 Ballistic Gun 6 | 1 . 1 4 . . . Ballistic Cannon 4 | . . 2 1 1 . . Launcher 4 | . . . 2 . 2 . Special Weapon . | . . . . . . . Impact Weapon 1 | . . . . 1 . . Slashing Weapon . | . . . . . . . Piercing Weapon . | . . . . . . . Special Melee Weapon . | . . . . . . . Unidentified Prototypes 8 | . . 4 . 4 . . Parts Lost 29 | . . 2 9 . 7 11 Power 3 | . . 1 . . . 2 Propulsion 15 | . . . 7 . 4 4 Utility 6 | . . . 2 . 2 2 Weapon 5 | . . 1 . . 1 3 Highest Loss Streak 9 | . . 1 2 . 7 9 To Critical Strikes . | . . . . . . . Average Slot Usage (%) 86 | . 98 95 87 90 55 32 Engine 7 | . 14 9 8 3 . 1 Core 1 | . . . . 3 2 1 Treads 6 | . . . 8 23 10 . Leg 17 | . 28 30 15 . . 1 Wheel 2 | . . 2 3 . . . Device 7 | . 12 3 5 14 8 8 Storage 8 | . 14 11 9 7 3 . Processor 4 | . . . 8 7 3 . Protection 10 | . . 15 9 14 11 7 Energy Gun 4 | . 14 8 . . . 5 Energy Cannon 2 | . . 2 3 5 1 1 Ballistic Gun 8 | . 14 7 11 3 . . Ballistic Cannon 2 | . . 3 2 4 1 . Naked Turns . | . . . . . . . Heaviest Build 74 | 14 20 38 74 52 51 20 Greatest Support 65 | 20 20 33 65 65 65 30 Greatest Overweight (x) 4 | . . 1 3 . 3 4 Average Overweight (x) . | . . . . . . 1 Largest Inventory Capacity 15 | 8 10 15 15 15 15 5 Average Capacity 12 | 7 9 11 15 15 10 5 Most Carried 15 | 4 10 14 15 15 15 4 Average Carried 11 | 1 8 10 14 14 9 2 Final Capacity 15 | 8 10 15 15 15 5 5 Final Carried 15 | 4 10 14 15 15 3 3 Class Distribution -------------------- 86% | Mutant 13% | Scavenger-Mutant Dominant Class ---------------- Mutant | -10/Materials Mutant | -9/Materials Mutant | -8/Materials Mutant | -7/Factory Mutant | -7/Waste Mutant | -7/Factory Resources | -11 -10 -9 -8 -7 -7 -7 ----------- Run | Yrd Mat Mat Mat Fac Was Fac Matter Collected 2014 | 259 58 411 921 312 . 53 Remotely . | . . . . . . . Salvage Created 2486 | 19 106 999 936 247 . 179 Parts 141 | 3 5 65 55 6 . 7 Haulers Intercepted 9 | . 1 5 2 1 . . Recyclers Shooed 3 | . . 1 2 . . . Parts Field Recycled . | . . . . . . . Retrieved Matter . | . . . . . . . Parts Self-Destructed . | . . . . . . . Prevented . | . . . . . . . Kills | -11 -10 -9 -8 -7 -7 -7 ------- Run | Yrd Mat Mat Mat Fac Was Fac Combat Hostiles Destroyed 54 | . . 20 25 5 . 4 Guns 36 | . . 17 16 . . 3 Cannons 17 | . . 3 8 5 . 1 AOE 1 | . . . 1 . . . Classes Destroyed 10 | 1 2 5 2 . . . Worker 5 | . . 1 4 . . . Tunneler 2 | 1 . . 1 . . . Hauler 9 | . 1 5 2 1 . . Recycler 3 | . 1 1 1 . . . Watcher 3 | . . 2 1 . . . Swarmer 14 | . . 7 7 . . . Grunt 31 | . . 10 13 5 . 3 Duelist 1 | . . . 1 . . . Sentry 7 | . . 3 3 . . 1 Heavy 1 | . . . 1 . . . Best Kill Streak 8 | 1 2 5 8 3 . 2 Combat Bots Only 6 | . . 4 6 3 . 2 Max Kills in Single Turn 2 | 1 1 2 2 1 . 1 Gunslinging 1 | . . 1 . . . . Exploded 1 | . . . 1 . . . Melee . | . . . . . . . Uniques/NPCs Destroyed . | . . . . . . . Combat | -11 -10 -9 -8 -7 -7 -7 -------- Run | Yrd Mat Mat Mat Fac Was Fac Hostile Shots Fired 485 | . . 85 186 18 6 190 Missed 123 | . . 21 48 2 1 51 Damage Taken 4961 | . . 779 2117 341 444 1280 Core 948 | . . 89 159 32 188 480 Absorbed by Shields . | . . . . . . . Redirected to Shielding 110 | . . 19 15 . 16 60 Ignored by Resistances 346 | . . . 346 . . . Regen/Repaired (Parts) 1 | . 1 . . . . . Core Remaining (%) 87 | 100 100 77 71 . . . Volleys Fired 222 | 2 7 80 93 12 6 22 Largest 2 | 2 2 2 2 2 2 2 Hottest 168 | 60 70 91 91 128 128 168 Shots Fired 426 | 4 14 156 181 24 11 36 Gun 303 | 4 14 134 128 . . 23 Cannon 110 | . . 22 49 24 2 13 Launcher 13 | . . . 4 . 9 . Special . | . . . . . . . Kinetic 263 | 2 7 79 162 12 1 . Thermal 150 | 2 7 77 15 12 1 36 Explosive 13 | . . . 4 . 9 . Electromagnetic . | . . . . . . . Robot Hit Streak 23 | 3 6 23 12 10 6 13 Robot Miss Streak 7 | . 2 5 7 2 2 2 Penetration Max . | . . . . . . . Secondary Targets 3 | . . 2 1 . . . Max Gunslinging Chain 1 | . . 1 1 . . . Shots Hit Robots 310 | 3 8 103 142 19 8 27 Core Hits 163 | 1 4 44 88 10 2 14 Critical Kills . | . . . . . . . Critical Parts Destroyed . | . . . . . . . Critical Strikes 4 | . . 3 . 1 . . Burn 2 | . . 2 . . . . Blast 2 | . . 1 . 1 . . Melee Attacks . | . . . . . . . Impact . | . . . . . . . Slashing . | . . . . . . . Piercing . | . . . . . . . Sneak Attacks . | . . . . . . . Combat Hostiles . | . . . . . . . Follow-up Attacks . | . . . . . . . Damage Inflicted 6719 | 38 95 1393 3180 539 758 716 Guns 3360 | 38 95 1090 1630 . . 507 Cannons 1997 | . . 292 934 539 26 206 Explosions 1329 | . . . 597 . 732 . Melee . | . . . . . . . Ramming 33 | . . 11 19 . . 3 Kinetic 3469 | 27 46 794 2318 284 . . Thermal 1888 | 11 49 588 246 255 26 713 Explosive 1329 | . . . 597 . 732 . Electromagnetic . | . . . . . . . Impact . | . . . . . . . Slashing . | . . . . . . . Piercing . | . . . . . . . Highest Corruption 4 | . . . . . . 4 Average Corruption 3 | . . . . . . 3 Corruption Purged . | . . . . . . . Corruption Blocked . | . . . . . . . Effects 2 | . . . . . . 2 Energy Discharges 1 | . . . . . . 1 Data Loss (minor) 1 | . . . . . . 1 Overload Shots . | . . . . . . . Overflow Damage 23 | . . . 5 . 18 . Projectiles . | . . . . . . . Explosions 23 | . . . 5 . 18 . Melee . | . . . . . . . Knockbacks 14 | . . 4 9 1 . . Impact . | . . . . . . . Kinetic 13 | . . 4 8 1 . . Secondary 1 | . . . 1 . . . Self-Inflicted Damage 246 | . . . 38 . 208 . Shots 6 | . . . 1 . 5 . Rammed 2 | . . . 2 . . . Targets Rammed 7 | . . 4 2 . . 1 Kicked 5 | . . 4 . . . 1 Crushed . | . . . . . . . Highest Temperature 516 | . 36 126 310 186 21 516 Average Temperature 96 | . 13 26 77 74 14 288 Received Heat Transfer 1875 | . . 345 936 144 . 450 Effects 8 | . . . 3 . . 5 Shutdowns 2 | . . . . . . 2 Energy Bleed 2 | . . . 1 . . 1 Interference 4 | . . . 2 . . 2 Siege Activations . | . . . . . . . Robots Corrupted . | . . . . . . . Combat Hostiles . | . . . . . . . Parts Fried . | . . . . . . . Impact Corruptions . | . . . . . . . Robots Melted . | . . . . . . . Combat Hostiles . | . . . . . . . Parts Melted 6 | . . 2 . 1 . 3 Heat Transferred 4233 | 25 148 1682 444 500 50 1384 Parts Sabotaged . | . . . . . . . Parts Stolen . | . . . . . . . Parts Stripped . | . . . . . . . Power Chain Reactions . | . . . . . . . Alert | -11 -10 -9 -8 -7 -7 -7 ------- Run | Yrd Mat Mat Mat Fac Was Fac Peak Influence 405 | 5 15 300 405 287 69 58 Initial 167 | . 3 . 52 167 30 23 Average 120 | . 3 110 179 159 30 27 Maximum Alert Level 2 | . . 1 2 1 . . Low Security (%) 81 | 100 100 90 62 83 100 100 Level 1 16 | . . 9 33 16 . . Level 2 1 | . . . 3 . . . Level 3 . | . . . . . . . Level 4 . | . . . . . . . Level 5 . | . . . . . . . High Security . | . . . . . . . Max Security . | . . . . . . . Squads Dispatched 6 | . . 1 2 2 . 1 Investigation . | . . . . . . . Extermination 2 | . . . . 1 . 1 Reinforcement 4 | . . 1 2 1 . . Assault . | . . . . . . . Garrison . | . . . . . . . Intercept . | . . . . . . . Searches Triggered . | . . . . . . . Construction Impeded . | . . . . . . . Haulers Reinforced 1 | . . . . 1 . . Active Scanning Responses . | . . . . . . . Cargo Convoy Interrupts . | . . . . . . . Stealth | -11 -10 -9 -8 -7 -7 -7 --------- Run | Yrd Mat Mat Mat Fac Was Fac Distress Signals 8 | . . 3 4 1 . . Communications Jammed . | . . . . . . . Distress Signals . | . . . . . . . Times Spotted 99 | . 1 30 46 8 6 8 Peak Tracking Total 7 | . 1 5 7 4 6 5 Tactical Retreats 2 | . . . 2 . . . Traps | -11 -10 -9 -8 -7 -7 -7 ------- Run | Yrd Mat Mat Mat Fac Was Fac Traps Triggered 3 | . . . . 3 . . Indirectly . | . . . . . . . Trap Hack Attempts . | . . . . . . . Triggered . | . . . . . . . Disarmed . | . . . . . . . Reprogrammed . | . . . . . . . Reused . | . . . . . . . Traps Extracted . | . . . . . . . Installed . | . . . . . . . Triggered . | . . . . . . . Machines | -11 -10 -9 -8 -7 -7 -7 ---------- Run | Yrd Mat Mat Mat Fac Was Fac Machines Disabled 2 | . . . 2 . . . Max in Single Turn 2 | . . . 2 . . . Machines Repaired . | . . . . . . . Machines Dismantled . | . . . . . . . Machines Sabotaged . | . . . . . . . Overloaded Fab Kills . | . . . . . . . Hacking | -11 -10 -9 -8 -7 -7 -7 --------- Run | Yrd Mat Mat Mat Fac Was Fac Machines Accessed 12 | . 4 4 1 2 . 1 Terminals 9 | . 2 3 1 2 . 1 Fabricators . | . . . . . . . Repair Stations 1 | . 1 . . . . . Recycling Units 1 | . 1 . . . . . Scanalyzers 1 | . . 1 . . . . Garrison Access . | . . . . . . . Total Hacks 26 | . 10 10 2 2 . 2 Successful 9 | . 4 3 . 1 . 1 Failed 17 | . 6 7 2 1 . 1 Catastrophic 4 | . 1 . 2 1 . . Database Lockouts . | . . . . . . . Manual 14 | . 3 8 2 1 . . Terminals 17 | . 3 8 2 2 . 2 Fabricators . | . . . . . . . Repair Stations 3 | . 3 . . . . . Recycling Units 4 | . 4 . . . . . Scanalyzers 2 | . . 2 . . . . Garrison Access . | . . . . . . . Terminal Hacks 4 | . 1 1 . 1 . 1 Open DSF 2 | . . . . 1 . 1 Unreport Threat 2 | . 1 1 . . . . Fabricator Hacks . | . . . . . . . Repair Station Hacks 2 | . 2 . . . . . Scan Component 1 | . 1 . . . . . Repair 1 | . 1 . . . . . Recycling Unit Hacks 1 | . 1 . . . . . Retrieve Components 1 | . 1 . . . . . Scanalyzer 2 | . . 2 . . . . Insert Component 1 | . . 1 . . . . Analyze 1 | . . 1 . . . . Garrison Access Hacks . | . . . . . . . Unauthorized Hacks . | . . . . . . . Terminals . | . . . . . . . Fabricators . | . . . . . . . Repair Stations . | . . . . . . . Recycling Units . | . . . . . . . Scanalyzers . | . . . . . . . Garrison Access . | . . . . . . . Data Cores Recovered . | . . . . . . . Used . | . . . . . . . Hacking Detections 10 | . 3 4 1 2 . . Full Trace Events 1 | . . . 1 . . . Feedback Events . | . . . . . . . Feedback Blocked . | . . . . . . . Robot Schematics Acquired . | . . . . . . . Robots Built . | . . . . . . . Authchips . | . . . . . . . Time . | . . . . . . . Total Robot Build Rating . | . . . . . . . Part Schematics Acquired 1 | . . 1 . . . . Parts Built . | . . . . . . . Authchips . | . . . . . . . Time . | . . . . . . . Total Part Build Rating . | . . . . . . . Parts Repaired 1 | . 1 . . . . . Time 26 | . 26 . . . . . Parts Recycled . | . . . . . . . Recycled Matter . | . . . . . . . Retrieved Matter . | . . . . . . . Retrieved Components 2 | . 2 . . . . . Parts Scanalyzed 1 | . . 1 . . . . Part Schematics Acquired 1 | . . 1 . . . . Parts Damaged . | . . . . . . . Bothacking | -11 -10 -9 -8 -7 -7 -7 ------------ Run | Yrd Mat Mat Mat Fac Was Fac Used RIF Installer . | . . . . . . . Robots Hacked . | . . . . . . . Non-combat . | . . . . . . . Combat . | . . . . . . . Robot Hacks Applied . | . . . . . . . Relay Couplers Released . | . . . . . . . Fabnet Peak Effective % . | . . . . . . . Robots Rewired . | . . . . . . . Allies Hacked . | . . . . . . . Hacks Repelled . | . . . . . . . Allies | -11 -10 -9 -8 -7 -7 -7 -------- Run | Yrd Mat Mat Mat Fac Was Fac Total Allies . | . . . . . . . Largest Group . | . . . . . . . Highest-Rated Group . | . . . . . . . Highest-Rated Ally . | . . . . . . . Total Orders . | . . . . . . . Ally Attacks . | . . . . . . . Total Damage . | . . . . . . . Kills . | . . . . . . . Allies Corrupted . | . . . . . . . Allies Melted . | . . . . . . . Intel | -11 -10 -9 -8 -7 -7 -7 ------- Run | Yrd Mat Mat Mat Fac Was Fac Robot Analysis Total . | . . . . . . . Derelict Logs Recovered . | . . . . . . . Drone Launches . | . . . . . . . Drone Recoveries . | . . . . . . . Exploration | -11 -10 -9 -8 -7 -7 -7 ------------- Run | Yrd Mat Mat Mat Fac Was Fac Turns Passed 3845 | 99 354 1125 1375 507 106 279 Spaces Moved 1952 | 65 241 533 558 287 120 148 Core 78 | 4 . . . . 2 72 Treads 497 | . . . 190 287 20 . Legs 1141 | 61 241 533 300 . . 6 Wheels 68 | . . . 68 . . . Hover . | . . . . . . . Flight 168 | . . . . . 98 70 Fastest Speed 30 | 50 120 120 85 155 30 50 Average Speed 146 | 115 120 147 177 155 62 132 Slowest Speed 330 | 120 120 190 330 155 230 250 Overloaded Moves 2 | . . . . . . 2 Propulsion Burnouts . | . . . . . . . Robots Hopped . | . . . . . . . Cave-ins Triggered . | . . . . . . . Exploration Rate (%) 30 | 4 35 47 36 8 76 5 Regions Visited 6 Branch Regions . Pre-discovered Areas . | . . . . . . . Known Exits Taken . | . . . . . . . Unknown Exits Taken 4 | 1 1 1 1 . . . Scrap Searched . | . . . . . . . Spaces Dug . | . . . . . . . Terrain Destroyed 77 | . . . 15 3 59 . Melee . | . . . . . . . Projectile 4 | . . . . 3 1 . AOE 73 | . . . 15 . 58 . Terrain Rammed . | . . . . . . . Walls Destroyed . | . . . . . . . Machines Disabled . | . . . . . . . Actions | -11 -10 -9 -8 -7 -7 -7 --------- Run | Yrd Mat Mat Mat Fac Was Fac Total 2531 | 81 296 727 769 332 135 191 Wait 116 | 4 26 43 38 . . 5 Move 1947 | 64 240 532 557 287 119 148 Hop . | . . . . . . . Pick Up 59 | 4 12 19 15 6 . 3 Fast Attach 61 | 7 2 8 21 11 6 6 Attach 14 | . . 3 5 . 2 4 Detach 5 | . . . 4 . . 1 Swap 25 | . 1 11 9 1 2 1 Drop 75 | . 8 27 25 15 . . Fire 222 | 2 7 80 93 12 6 22 Melee . | . . . . . . . Ram 1 | . . . 1 . . . Kick 5 | . . 4 . . . 1 Crush 1 | . . . 1 . . . Escape Stasis . | . . . . . . . Rewire . | . . . . . . . Trap . | . . . . . . . Miscellaneous . | . . . . . . . Route ------- -11/Scrapyard -10/Materials -9/Materials (discovered 2 exits: *Mat / [*Sto]) -8/Materials -7/Factory -7/Waste -7/Factory (discovered 1 exit: [*Low]) History --------- Turn | Location | Event 5 | -11/Scrapyard | Discovered new exit (range 16) 100 | -11/Scrapyard | Entered Materials 316 | -10/Materials | Build established: Mutant 321 | -10/Materials | Discovered new exit (range 5) 392 | -10/Materials | Repaired Seismic Detector 454 | -10/Materials | Entered another Materials area 454 | -9/Materials | Evolved 2 slots: Propulsion x1, Utility x1 456 | -9/Materials | Discovered new exit (range 5) 1331 | -9/Materials | Discovered new exit (range 15) 1579 | -9/Materials | Entered another Materials area 1579 | -8/Materials | Evolved 2 slots: Propulsion x1, Utility x1 2896 | -8/Materials | Discovered new exit (range 15) 2954 | -8/Materials | Entered Factory 2954 | -7/Factory | Evolved 2 slots: Utility x2 3461 | -7/Factory | Sucked down chute 3461 | -7/Factory | Entered Waste 3479 | -7/Waste | Spotted C-40 Crusher 3490 | -7/Waste | Spotted C-40 Crusher 3508 | -7/Waste | Crushed by Compactor (1 part destroyed, 2 dropped) 3511 | -7/Waste | Crushed by Compactor (1 part destroyed, 1 dropped) 3514 | -7/Waste | Crushed by Compactor (1 part destroyed, 1 dropped) 3517 | -7/Waste | Crushed by Compactor (1 part destroyed, 2 dropped) 3521 | -7/Waste | Crushed by Compactor (1 part destroyed, 2 dropped) 3532 | -7/Waste | Spotted C-40 Crusher 3544 | -7/Waste | Spotted C-40 Crusher 3546 | -7/Waste | Spotted C-40 Crusher 3546 | -7/Waste | Spotted C-40 Crusher 3552 | -7/Waste | Lost 7 parts (4n2u1w) 3553 | -7/Waste | Discovered new exit (range 12) 3567 | -7/Waste | Entered Factory 3745 | -7/Factory | Core integrity fell below 50% 3768 | -7/Factory | Core integrity fell below 20% 3775 | -7/Factory | Discovered new exit (range 12) 3794 | -7/Factory | Lost 9 parts (1p4n2u2w) 3846 | -7/Factory | Destroyed by P-60 Hacker with Shock Rifle Last Messages --------------- 03763_ System corrupted by crushing effect (+3). 03763_ Knocked back. 03763_ Plasma Cannon destroyed. 03763_ Lgt. Nuclear Core destroyed. 03765_ K-01 Serf collects debris. 03774_ System corrupted: Energy discharge (-21). 03775_ EXIT=FOUND 03791_ Connecting with DSF Access... 03791_ Current location identified: Factory 03794_ Acquired Lgt. Deuterium Engine. 03797_ Acquired Gatling Laser. 03817_ ALERT: Rogue bot located, Programmers report to Factory Zone 4R. 03825_ Melted Imp. Deuterium Engine. 03825_ Melted Flak Gun. 03825_ Melted Lgt. Treads. 03827_ Gatling Laser destroyed. 03828_ Y-54 Guardian destroyed. 03837_ Overheating: Energy bleed (-25). 03837_ Lgt. Deuterium Engine destroyed. 03842_ System corrupted: Component data lost. Map ----- +----------------------------------------------------+ | ?????????????????????????????????????????????????? | | ?????????????????????????????????????????????????? | | ?????????????????????????????????????????????????? | | ?????????????????????????????????????????????????? | | ?????????????????????????????????????????????????? | | ?????????????????????????????????????????????????? | | ?????????????????????????????????????????????????? | | ?????????????????????????????????????????????????? | | ?????????????????????????????????????????????????? | | ?????????????????????????????????????????????????? | | ?????????????????????????? ?????????????????????? | | ?????????????????????????? ?????????????????????? | | ?????????????????????????? ?????????????????????? | | ?????????????????????????? ?????????????????????? | | ??????????????????########+####??????????????????? | | ????????????????? r #??????????????????? | | ?????????????????? #??????????????????? | | ?????????????????""" #??????????????????? | | ?????????????????""" #??????????????????? | | ?????????????????""" #??????????????????? | | ??????????????? """" #??????????????????? | | ?????????????# """" [ #??????????????????? | | ?????????????#k """" #??????????????????? | | ?????????????? !! #??????????????????? | | ????????????????"""" ! #??????????????????? | | ????????????????"""" @ #??????????????????? | | ??????????????? """" #?###########??????? | | ??????????????? """" *b ####T ## #??????? | | ??????????????? """" #??????? | | ??????????????? """" * Y